[Event "Fredericia WIM 2022"]
[Site "Fredericia"]
[Date "2022.05.28"]
[Round "7.1"]
[White "Dwilewicz, Katarzyna"]
[Black "Doluhanova, Evgeniya"]
[Result "1/2-1/2"]
[ECO "C54"]
[WhiteElo "2079"]
[BlackElo "2270"]
[Annotator "TA"]
[PlyCount "96"]
[EventDate "2022.05.25"]
[EventType "tourn"]
[EventCountry "DEN"]
[SourceTitle "playchess.com"]
[Source "ChessBase"]
[SourceQuality "1"]
[TimeControl "40/5400+30:1800+30"]

1. e4 e5 2. Nf3 Nc6 3. Bc4 Bc5 4. c3 Nf6 5. d4 exd4 6. e5 d5 7. Bb5 Ne4 8. cxd4 Bb6 9. Nc3 {[%emt 0:00:11] C54: Giuoco Piano: 4 c3 Nf6, main lines with 5 d4 and 5 d3.} Bg4 10. Be3 O-O 11. h3 Bh5 12. Qc2 Bg6 {[%emt 0:03:18] ...Nxc3 is the strong threat.} 13. Qb3 Nxc3 (13... Ne7) (13... Ne7 $11) 14. bxc3 $1 {[%emt 0:01:15][%mdl 4] outshines the older 14.Bxc6.} (14. Bxc6 bxc6 15. Qxc3) ({Better is} 14. Bxc6 $14 bxc6 15. Qxc3) 14... Na5 $11 15. Qd1 c6 16. Be2 {[%emt 0:00:46][%cal Bb5e2,Be2f3,Bf3g4,Bg4d7][%mdl 32] [#]} f6 $146 (16... Nc4 17. Bxc4 dxc4 18. O-O Qd5 19. a4 Ba5 20. Qc1 Be4 21. Ne1 f6 22. f3 Bg6) ({Predecessor:} 16... Nc4 17. Bxc4 dxc4 18. O-O Qd5 19. a4 Ba5 20. Qc1 Be4 21. Ne1 f6 22. f3 Bg6 {0-1 (31) Bosiocic,M (2599)-Predke,A (2622) St Petersburg 2018}) 17. O-O Bc7 18. Bf4 Be4 19. Bg3 Bxf3 20. Bxf3 fxe5 21. dxe5 Qg5 22. Re1 Rae8 23. Qd4 Bb6 24. Qg4 Qxg4 25. Bxg4 Nc4 26. Bd7 Re7 $36 {[%emt 0:00:06][%mdl 2048] Black is pushing.} 27. e6 g5 {[%emt 0:00:07] Against Bh4} 28. Rad1 Bc5 29. h4 Nb6 30. hxg5 Nxd7 31. exd7 Rxd7 32. Re6 Rg7 33. Re5 Rgf7 34. Rd2 Rf5 (34... Bd6 $5 35. g6 hxg6 $17) 35. Rde2 Rxe5 36. Bxe5 $15 {[%emt 0:01:36][%mdl 4096] Endgame [#] KRB-KRB} Rf5 $1 37. Bf6 {[%emt 0:00:19] [#]} h6 (37... Kf7 $1 $17 38. g3 h6) 38. Be7 $11 {[%emt 0:00:20] The position is equal.} Bxe7 39. Rxe7 hxg5 40. Rxb7 {[%emt 0:00:06] KR-KR} Rf7 41. Rb8+ Rf8 42. Rxf8+ Kxf8 {[%emt 0:00:04] KP-KP} 43. f3 Ke7 44. Kf2 Ke6 45. g3 Ke5 46. Ke3 c5 47. Kd3 Kf5 48. Ke3 Ke5 {Weighted Error Value: White=0.09 (flawless) /Black=0.07 (flawless)} 1/2-1/2

[Event "Fredericia WIM 2022"]
[Site "Fredericia"]
[Date "2022.05.28"]
[Round "7.2"]
[White "Andersson, Christin"]
[Black "Lach, Aleksandra"]
[Result "0-1"]
[ECO "B34"]
[WhiteElo "2028"]
[BlackElo "2202"]
[Annotator "TA"]
[PlyCount "128"]
[EventDate "2022.05.25"]
[EventType "tourn"]
[EventCountry "DEN"]
[SourceTitle "playchess.com"]
[Source "ChessBase"]
[SourceQuality "1"]
[TimeControl "40/5400+30:1800+30"]

1. e4 c5 2. Nf3 g6 3. d4 cxd4 4. Nxd4 Nc6 5. Nxc6 bxc6 6. Qd4 Nf6 7. e5 Nd5 8. Bc4 (8. Nc3 $11) 8... Qb6 {[%emt 0:11:21] B34: Sicilian: Accelerated Dragon with 5 Nc3: sidelines.} (8... Bg7) (8... Bg7 $15) 9. c3 $11 Bg7 10. O-O {[%emt 0:03:32] [#]} Qc7 $146 {[%emt 0:03:44] The position is equal.} ({Predecessor:} 10... Qxd4 11. cxd4 Nb4 12. Na3 a5 13. Bd2 Ba6 14. Bxa6 Rxa6 15. Bxb4 axb4 16. Nc2 Rb6 {0-1 (55) Durette,F (2156)-Huang,Q (2209) Montreal 2017}) 11. f4 O-O 12. Nd2 d6 13. Nf3 Nb6 14. Bb3 Bg4 15. Ng5 c5 16. Qf2 c4 ({Black should play} 16... Bf5 $1 $15) 17. Bc2 ({Don't play} 17. Qh4 h5 18. Bc2 dxe5 $15) 17... h6 18. exd6 exd6 19. Nf3 Bxf3 20. Qxf3 f5 (20... Nd7 $14) 21. Be3 ({Better is} 21. g4 $1 $16) 21... Rae8 22. Rad1 Re6 23. a4 Rfe8 24. Bf2 Nd7 {[%emt 0:03:02] [#]} 25. Rd5 $2 (25. g4 $1 $16 {stays on course.}) 25... Re2 $17 {[%emt 0:01:10] Black continues to play with concentration.} 26. Rc1 (26. Bb1 $17) 26... Nf6 $36 {[%emt 0:00:39][%mdl 2048] Black is really pushing.} 27. Rdd1 $2 {[%emt 0:04:24] [#]} (27. Rb5 {is tougher.}) 27... Ng4 $2 (27... Rxf2 $1 28. Qxf2 Ng4) 28. Bg3 $2 (28. Re1 {might work better.} Rxe1+ 29. Rxe1 Rxe1+ 30. Bxe1) 28... Qb6+ 29. Kh1 Qxb2 30. Qd5+ Kh8 {[%emt 0:00:22] Strongly threatening ...Ne3.} 31. Qf7 Rf8 32. Qxc4 Rxc2 33. Rb1 Qxc3 34. Qxc3 Rxc3 35. Rxd6 Rfc8 36. h3 Rc1+ 37. Rd1 Rxd1+ 38. Rxd1 Ne3 39. Rb1 Rc2 {[%emt 0:01:53] Inhibits Bf2.} 40. Bh2 Nxg2 41. Bg1 Nh4 42. Bxa7 Nf3 43. Bg1 {[%emt 0:00:12] Against Rh2+} Ra2 44. Rf1 Nxg1 45. Kxg1 Rxa4 {[%emt 0:00:06][%mdl 4096] Endgame ( -> ...Ra1). KRB-KR} 46. h4 h5 {[%emt 0:00:32] Black mates.} 47. Kg2 Bf6 48. Kg3 Ra3+ 49. Kh2 Bxh4 50. Rb1 Bg3+ 51. Kh3 Bxf4+ 52. Kh4 Ra4 53. Rb7 Bh6+ 54. Kg3 Bg7 55. Kh3 Kh7 56. Kg3 Kh6 57. Kh3 Ra3+ 58. Kh2 Be5+ 59. Kh1 h4 60. Re7 Bg3 61. Rd7 h3 62. Rd1 Ra2 63. Rf1 Kh5 64. Rd1 Re2 {[%emt 0:00:26] Weighted Error Value: White=0.58/Black=0.31} 0-1

[Event "Fredericia WIM 2022"]
[Site "Fredericia"]
[Date "2022.05.28"]
[Round "7.3"]
[White "Goossens, Hanne"]
[Black "Durrfeld, Sofie Bech"]
[Result "1-0"]
[ECO "D00"]
[WhiteElo "2184"]
[BlackElo "1773"]
[Annotator "TA"]
[PlyCount "55"]
[EventDate "2022.05.25"]
[EventType "tourn"]
[EventCountry "DEN"]
[SourceTitle "playchess.com"]
[Source "ChessBase"]
[SourceQuality "1"]
[TimeControl "40/5400+30:1800+30"]

1. d4 d5 2. Nc3 e6 3. Bf4 Bb4 4. e3 Nf6 5. Bd3 c5 6. dxc5 {[%emt 0:05:38] D00: 1 d4 d5: Unusual lines.} Nbd7 7. Nge2 O-O 8. O-O {[%emt 0:02:19] Black has an edge.} Nxc5 9. Bg5 Nxd3 10. Qxd3 {[%emt 0:01:31] [#]} b6 $146 ({Predecessor:} 10... Be7 11. Rad1 Re8 12. Bxf6 Bxf6 13. e4 dxe4 14. Qb5 Qe7 15. Nxe4 Rd8 16. Rxd8+ Qxd8 17. Nxf6+ gxf6 {1-0 (79) Gagunashvili,M (2588)-Lei,T (2468) Subic Bay 2016}) 11. Rfd1 Bb7 12. a3 Bd6 13. e4 {[%emt 0:03:50] [#]} Bxh2+ $1 {[%emt 0:02:49] This bishop pair is nice.} 14. Kf1 (14. Kxh2 $142 Ng4+ 15. Kg1 Qxg5 16. exd5) 14... Bd6 (14... dxe4 15. Qh3 Qc7 16. Bxf6 (16. g3 Nd5 $16) 16... gxf6 17. g3 $16) (14... h6 $17 15. Bh4 Be5 16. exd5 exd5) 15. exd5 $15 exd5 16. Qf5 {[%emt 0:03:35] [#]} (16. Nxd5 $11 Bxd5 17. Qxd5 Nxd5 18. Bxd8 Ne3+ 19. fxe3 Raxd8 20. Kf2) 16... Be7 $1 $17 17. Rd4 Qc8 ({Black should play} 17... Re8 $17 18. Kg1 Qc8) 18. Qd3 (18. Qxc8 $1 $15 Rfxc8 19. Ng3) 18... Ba6 19. Qf3 Qe6 ({Black should try} 19... Re8 $17 {[%cal Of6e4] White must now prevent ...Ne4!} 20. Kg1 Bxe2 21. Nxe2 h6) 20. Kg1 $15 Qe5 21. Bh4 Ne4 $2 {[%emt 0:03:42][%mdl 8192] This costs Black the game.} (21... Rfe8 $17 22. Bg3 Qh5) 22. Rxd5 $18 Nd2 $2 (22... Qe6 23. Nf4 (23. Nxe4 Bxe2 24. Qxe2 Bxh4 $11) (23. Qxe4 Qxe4 24. Nxe4 Bxh4 $11) 23... Bxh4 24. Nxe6 fxe6 25. Qxe4 Bxf2+ 26. Kh2 exd5 27. Qxd5+ Kh8) 23. Qh3 (23. Rxe5 Nxf3+ 24. gxf3 Bxh4 $17) 23... Bc8 (23... Qe6 $142) 24. Rxe5 Bxh3 25. Bxe7 ({Stronger than} 25. gxh3 Nf3+ 26. Kh1 (26. Kg2 Nxh4+ 27. Kf1 Bf6 $11) 26... Bxh4 $11) 25... Rfe8 26. b3 f6 27. Re3 ({Less strong is} 27. gxh3 Nf3+ 28. Kg2 Nxe5 $16) 27... Bf5 28. Nd4 {[%emt 0:01:34] Weighted Error Value: White=0.24 (precise) /Black=0.61} 1-0

[Event "Fredericia WIM 2022"]
[Site "Fredericia"]
[Date "2022.05.28"]
[Round "8.1"]
[White "Durrfeld, Sofie Bech"]
[Black "Dwilewicz, Katarzyna"]
[Result "0-1"]
[ECO "C24"]
[WhiteElo "1773"]
[BlackElo "2079"]
[Annotator "TA"]
[PlyCount "76"]
[EventDate "2022.05.25"]
[EventType "tourn"]
[EventCountry "DEN"]
[SourceTitle "playchess.com"]
[Source "ChessBase"]
[SourceQuality "1"]
[TimeControl "40/5400+30:1800+30"]

1. e4 e5 2. Bc4 Nf6 3. d3 c6 4. Nf3 d5 5. Bb3 Bd6 6. Nc3 d4 $1 {[%emt 0:03:35][%mdl 4] now scores much better than the old 6...dxe4.} 7. Ne2 Nbd7 {[%emt 0:02:11] C24: Bishop's Opening: 2...Nf6.} 8. c3 dxc3 9. bxc3 O-O {[%emt 0:01:35] White has an edge.} 10. O-O {[%emt 0:00:54] [#]} b6 $146 ({Predecessor:} 10... h6 11. Ng3 Re8 12. Be3 Qc7 13. Nh4 Nc5 14. Nhf5 Nxb3 15. axb3 Bf8 16. f4 exf4 17. Bxf4 {1-0 (28) Pisani,C (1972)-Albesa,A (1882) ICCF email 2021}) 11. Ng3 Nc5 12. Bc2 Re8 13. Nh4 (13. Re1 $14) 13... Bf8 $11 14. Nhf5 h6 (14... Ba6 $11 {remains equal.}) 15. f4 $1 $16 exf4 (15... Ba6 $16) 16. Bxf4 $18 Ba6 17. e5 $1 Nh7 (17... Nd5 $142) 18. Qg4 {[%emt 0:07:48] And now Nxh6+ would win.} Kh8 19. Nd6 (19. d4 $18) 19... Bxd6 $16 20. exd6 {[%emt 0:00:20] Threatens to win with Nh5.} Nf6 {[%emt 0:09:05] [#]} (20... Ne6 $16) 21. Qf3 $1 $18 Nd5 {[%emt 0:00:27] [#]} 22. Bd2 {[%emt 0:08:14] Black must now prevent Nf5.} Qxd6 23. Qxf7 (23. c4 $18) 23... Rf8 $36 {[%emt 0:01:17][%mdl 2048] Black fights for an advantage.} 24. Qh5 (24. Nf5 $11 Rxf7 25. Nxd6 Rxf1+ 26. Rxf1) 24... Bxd3 $17 25. Bxd3 Nxd3 26. Nf5 Qc5+ 27. Nd4 Nxc3 {[%emt 0:02:27] Black is much more active. The white rooks are badly placed. Pair of Knights!} 28. Qxc5 bxc5 29. Ne6 (29. Bxc3 $17 {prevents the worst.} cxd4 30. Bxd4) 29... Ne2+ $19 {[%emt 0:00:22] Black is clearly winning.} 30. Kh1 Nf2+ 31. Rxf2 Rxf2 32. Be3 Rf5 33. Bxc5 Re8 34. Nc7 Rc8 35. Na6 Nc3 36. Bd4 Nb5 37. Bg1 c5 38. Rb1 Nc3 {[%emt 0:00:42] Black used his chance.  Weighted Error Value: White=0.45/Black=0.31} 0-1

[Event "Fredericia WIM 2022"]
[Site "Fredericia"]
[Date "2022.05.28"]
[Round "8.2"]
[White "Doluhanova, Evgeniya"]
[Black "Andersson, Christin"]
[Result "1-0"]
[ECO "A05"]
[WhiteElo "2270"]
[BlackElo "2028"]
[Annotator "TA"]
[PlyCount "149"]
[EventDate "2022.05.25"]
[EventType "tourn"]
[EventCountry "DEN"]
[SourceTitle "playchess.com"]
[Source "ChessBase"]
[SourceQuality "1"]
[TimeControl "40/5400+30:1800+30"]

1. Nf3 Nf6 2. b3 d5 3. Bb2 c5 4. e3 Nc6 5. Bb5 Bd7 6. O-O e6 7. d3 a6 {[%emt 0:01:03] A06: Réti Opening: 1 Nf3 d5.} 8. Bxc6 Bxc6 9. Ne5 Bd6 {[%emt 0:00:58] The position is equal. 9...Bd6 has become a bit dusty these days.} 10. Nd2 Bxe5 11. Bxe5 O-O 12. f4 Nd7 13. Bb2 f6 {[%emt 0:01:24] [#]} 14. Qg4 $146 ({Predecessor:} 14. Nf3 Qc7 15. Qe1 Rae8 16. Qg3 Rf7 17. Qh3 Nf8 18. Rae1 Ng6 19. g4 d4 20. exd4 Nxf4 {0-1 (26) Meschke,O-Franz,T Bad Zwesten 1997}) 14... Qe7 15. Rf3 e5 16. f5 Rf7 17. Rh3 d4 18. e4 b5 19. Rf1 Nf8 20. Bc1 a5 21. Nf3 a4 22. Nh4 (22. Qh5 $11) 22... axb3 $17 23. axb3 Bd7 (23... Qd6 $17) 24. Qh5 $1 $14 g5 25. fxg6 hxg6 26. Rg3 Rh7 $2 (26... Rg7 $1 $11 {and Black stays safe.} 27. Rxg6 (27. Nxg6 Rxg6 28. Rxg6+ Nxg6 $11) 27... Rxg6 28. Nxg6 Nxg6 29. Qxg6+ Qg7) 27. Nxg6 $18 Rxh5 28. Nxe7+ Kf7 29. Nd5 Ra6 30. Rgf3 f5 31. g4 ({Stronger than} 31. exf5 Bc6 32. c4 dxc3 33. Nxc3 Bxf3 34. Rxf3 Nd7 $11) 31... Rh7 32. gxf5 Bc6 33. Nc7 (33. Bg5 $18 {and White stays clearly on top.}) 33... Ra2 (33... Ra7 $16) 34. R3f2 Rg7+ (34... Ra7 $16) 35. Kh1 Kf6 36. Ne6 (36. Nd5+ $18 {is more deadly.} Bxd5 37. exd5) 36... Nxe6 $16 37. fxe6+ Kxe6 38. h4 c4 39. bxc4 ({White should play} 39. Bh6 $14 Rc7 40. Kg1 (40. bxc4 bxc4 41. Kg1 cxd3 $11)) 39... bxc4 $11 40. Bg5 cxd3 (40... Ra3 $11 {keeps the balance.}) 41. Rf6+ $16 ({Of course not} 41. cxd3 $6 Rxf2 42. Rxf2 Rf7 $11) 41... Kd7 42. cxd3 Bb5 (42... Ra3 $142) 43. Rb1 Bc6 44. Rb6 Ba8 45. Kg1 (45. Rbd6+ $142 Kc7 46. Ra6 Rxa6 47. Rxa6) 45... Ra3 46. Ra6 {[%emt 0:00:14] White is more active.} Rxa6 47. Rxa6 {[%emt 0:00:05][%mdl 4096] [#] Endgame Ra7+ would kill now. KRB-KRB} Bb7 48. Ra7 Ke6 49. Kf2 Rf7+ 50. Kg3 Bc8 $2 (50... Rh7 $16 51. Bd2 Rg7+ 52. Kf2 Rf7+ 53. Ke2 Rh7) 51. Ra8 $18 Bb7 52. Rh8 Rf1 $2 (52... Rg7 {is a better defense.} 53. Kg4 Kf7) 53. Rh6+ Kd7 54. Rh7+ Kc6 55. Re7 {[%emt 0:05:37] Re6+ is the strong threat.} Ba6 (55... Rd1 $142 56. Rxe5 Rxd3+ 57. Kg4 Bc8+ 58. Kf4 Rh3) 56. Re6+ Kb7 57. Rxe5 Bxd3 58. h5 Rg1+ 59. Kf2 Rh1 60. h6 Rh5 (60... Kc6 $142 61. Bf4 Bc2) 61. Kf3 Kc6 62. Kg4 Be2+ 63. Kf5 d3 64. Kf6 Bf3 65. Be3 {[%emt 0:03:02] [#] Intending Rxh5 and mate.} Rh4 (65... Rh3 $142 66. Rc5+ Kb7) 66. Kf5 (66. Rc5+ $142 Kb7 67. e5) 66... Kd6 (66... Rh5+ $142 67. Kf4 Rh3) 67. Rd5+ Kc6 68. Rd4 (68. Bf4 $142 Be2 69. Rd6+ Kc5 70. e5) 68... Be2 (68... Kc5 $142 69. Rxd3+ Kb5) 69. Bg5 Rh1 70. Kg6 {[%emt 0:01:58] aiming for h7.} Bh5+ 71. Kg7 {[%emt 0:00:55] Strongly threatening h7.} Rg1 72. h7 {[%emt 0:03:29] White mates.} Rxg5+ 73. Kh6 Rg6+ 74. Kxh5 Rg3 75. Kh4 {[%emt 0:00:29] Weighted Error Value: White=0.16 (very precise) /Black=0.37} 1-0

[Event "Fredericia WIM 2022"]
[Site "Fredericia"]
[Date "2022.05.28"]
[Round "8.3"]
[White "Lach, Aleksandra"]
[Black "Goossens, Hanne"]
[Result "1-0"]
[ECO "B23"]
[WhiteElo "2202"]
[BlackElo "2184"]
[Annotator "TA"]
[PlyCount "105"]
[EventDate "2022.05.25"]
[EventType "tourn"]
[EventCountry "DEN"]
[SourceTitle "playchess.com"]
[Source "ChessBase"]
[SourceQuality "1"]
[TimeControl "40/5400+30:1800+30"]

1. e4 c5 2. Nc3 a6 3. Nge2 d6 4. g3 Nc6 5. Bg2 g6 6. d3 {[%emt 0:02:43] B23: Closed Sicilian: Lines without g3.} Bg7 7. O-O Bd7 8. f4 {[%emt 0:06:24] White has an edge.} e6 9. h3 {[%emt 0:07:41] [#]} Nge7 $146 ({Predecessor:} 9... f5 10. Be3 Bd4 11. Bf2 Bxf2+ 12. Rxf2 Qf6 13. Qd2 Nge7 14. Re1 O-O 15. Kh2 Rab8 {½-½ (65) Paulic,B (2240)-Kosovac,M (2050) Belgrade 2007}) 10. a4 Rb8 11. g4 f5 12. Ng3 O-O 13. Nce2 b5 14. axb5 axb5 15. c3 b4 16. Be3 bxc3 17. bxc3 Qb6 18. Rc1 Na5 19. gxf5 exf5 20. Qe1 (20. exf5 $11 Nxf5 21. Nxf5 gxf5 22. Rb1) 20... fxe4 $15 21. dxe4 Nc4 22. Qf2 Bc6 23. Rcd1 Qb7 24. Bc1 Ba4 25. e5 {[%emt 0:02:19] [#]} d5 (25... Qc7 $1 $17 26. exd6 Nxd6) 26. Rde1 (26. Qxc5 $11 {remains equal.} Bxd1 27. Rxd1) 26... Qc7 27. Bf3 Kh8 28. Be3 (28. h4 $1 $15) 28... Nxe3 $17 29. Qxe3 Bb5 {[%emt 0:00:42] This bishop pair is nice.} 30. Rf2 (30. h4 $142) 30... Bc4 31. h4 Bh6 32. Bg4 (32. Bg2 $17) 32... Bb5 (32... Rb3 $19 {[%cal Od5d4] and Black stays clearly on top. aiming for ...d4!} 33. Nf1 d4) 33. Kh2 $2 (33. h5 $17) 33... Nf5 $2 ({Better is} 33... d4 $19 34. cxd4 Nd5) 34. Bxf5 $14 gxf5 35. Qf3 Qf7 36. Ng1 Rg8 {[%emt 0:00:30] And now ...Rg4 would win.} 37. Nh3 Rg4 38. e6 Qf6 {[%emt 0:00:59] ...Rbg8 is the strong threat.} 39. Qxd5 $2 {[%emt 0:00:18][%mdl 8192] [#]} (39. Ng5 $1 $11 Rxh4+ 40. Kg2) 39... Rxg3 $1 $19 40. Ng5 Bxg5 $2 41. fxg5 $11 Qxc3 42. Qxf5 {[%emt 0:00:21] Active counter play!} Re3 $2 (42... Bc6 $15 43. Rb1 {[#]} (43. Qf6+ $2 Qxf6 44. gxf6 Rbb3 $19) 43... Rh3+ $3 44. Qxh3 Qxh3+ 45. Kxh3 Rxb1 46. Rf8+ Kg7) 43. Rxe3 $18 {[%emt 0:00:29][%mdl 64] Deflection} Qxe3 44. Qf6+ Kg8 45. Qf7+ Kh8 {[%emt 0:00:05] Strongly threatening ...Qe5+.} 46. Qf6+ Kg8 47. e7 {[%emt 0:01:19] White wants to mate with Qf8+.} Qxf2+ 48. Qxf2 {[%emt 0:00:01] Threatening mate with h5. KQ-KRB} Bc4 49. Qxc5 (49. h5 $142 Bf7 50. h6 Bd5 51. Qf6 Rb2+ 52. Qxb2 Kf7 53. Qg7+ Ke8 54. Qf8+ Kd7 55. e8=Q+ Kc7 56. Qc8+ Kb6 57. Qfxc5#) 49... Bf7 50. Qe5 Re8 51. Kg3 Ra8 52. h5 {[%emt 0:00:45][%cal Bh4h5,Bh5h6][%mdl 32] White threatens h6 and mate.} Re8 53. h6 {Weighted Error Value: White=0.58/Black=0.78} 1-0

[Event "Fredericia WIM 2022"]
[Site "Fredericia"]
[Date "2022.05.29"]
[Round "9.1"]
[White "Dwilewicz, Katarzyna"]
[Black "Lach, Aleksandra"]
[Result "1/2-1/2"]
[ECO "B36"]
[WhiteElo "2079"]
[BlackElo "2202"]
[Annotator "TA"]
[PlyCount "61"]
[EventDate "2022.05.25"]
[EventType "tourn"]
[EventCountry "DEN"]
[SourceTitle "playchess.com"]
[Source "ChessBase"]
[SourceQuality "1"]
[TimeControl "40/5400+30:1800+30"]

1. e4 c5 2. Nf3 Nc6 3. d4 cxd4 4. Nxd4 g6 5. c4 Nf6 6. Nc3 d6 7. Be2 Nxd4 8. Qxd4 Bg7 9. Be3 O-O 10. Qd2 a5 {[%emt 0:00:51] B36: Sicilian: Maroczy Bind: Gurgenidze System.} 11. Rc1 a4 12. f3 {[%emt 0:00:31] 12.f3 is better than 12.0-0.} Qa5 13. Rc2 Be6 14. Nd5 Nxd5 15. cxd5 Rfc8 {[%emt 0:00:18] [#] White must now prevent ...Rxc2.} 16. Qxa5 (16. Kd1 {feels hotter.} Bd7 17. Qxa5 Rxa5 18. Rxc8+ Bxc8 19. Kc2) 16... Rxa5 17. Kd2 Rxc2+ 18. Kxc2 Bd7 19. Rc1 {[%emt 0:00:42] White wants to play Kd2.} e6 {[%emt 0:00:35] The position is equal.} 20. Rd1 exd5 21. Rxd5 Rxd5 22. exd5 $11 {[%emt 0:00:06][%mdl 4096] Endgame KBB-KBB} Kf8 {[%emt 0:00:04] [#]} 23. Bd3 $146 ({Predecessor:} 23. b3 Ke7 24. Bg5+ Ke8 25. Be3 Ke7 26. Bg5+ Ke8 27. Be3 Ke7 {½-½ (27) Froewis,G (2421)-Koepke,C (2331) Austria 2019}) 23... Ke7 24. Bg5+ Ke8 25. Be3 Ke7 26. Bg5+ Ke8 27. Be3 Ke7 28. Bg5+ Ke8 29. Be3 Ke7 30. Bg5+ Ke8 31. Be3 {[%emt 0:00:08] Weighted Error Value: White=0.04 (flawless) /Black=0.00 (flawless)} 1/2-1/2

[Event "Fredericia WIM 2022"]
[Site "Fredericia"]
[Date "2022.05.29"]
[Round "9.2"]
[White "Durrfeld, Sofie Bech"]
[Black "Doluhanova, Evgeniya"]
[Result "0-1"]
[ECO "C24"]
[WhiteElo "1773"]
[BlackElo "2270"]
[Annotator "TA"]
[PlyCount "74"]
[EventDate "2022.05.25"]
[EventType "tourn"]
[EventCountry "DEN"]
[SourceTitle "playchess.com"]
[Source "ChessBase"]
[SourceQuality "1"]
[TimeControl "40/5400+30:1800+30"]

1. e4 e5 2. Bc4 Nf6 3. d3 Bc5 4. Nc3 Nc6 5. f4 Bxg1 6. Rxg1 {[%emt 0:00:15] C28: Vienna Game: 2...Nf6 3 Bc4 Nc6.} d6 7. f5 Nd4 8. a3 {[%emt 0:07:13] The position is equal.} c6 {[%emt 0:02:30] [#]} 9. Bg5 $146 ({Predecessor:} 9. g4 h6 10. h3 d5 11. Ba2 dxe4 12. dxe4 b6 13. Qd3 Nd7 14. Rg2 Qh4+ 15. Kd1 {0-1 (40) Ott,P (2004)-Hebel,E (1979) GER email 2015}) 9... Qb6 {[%emt 0:03:07][%cal Od4c2] [#] White must now prevent ...Nxc2+!} (9... h6 $5 10. Bh4 d5 $15) 10. Kd2 d5 11. Bxf6 gxf6 12. Bb3 {[%emt 0:07:24] White is now going downhill.} (12. exd5 $11 {and White has nothing to worry.} Bxf5 13. b4 (13. g4 Bg6 $11)) 12... dxe4 $19 13. Nxe4 Bxf5 (13... Nxf5 14. Qf3 Qa5+ 15. Kc1 $16) 14. Nd6+ {[%emt 0:02:19] [#]} Ke7 $1 15. Nxf5+ Nxf5 {[%emt 0:00:06] Really sharp!} 16. Re1 {[%emt 0:07:05] Prevents Qe3+.} Qf2+ 17. Kc1 Nd4 18. Kb1 Rhg8 19. g4 Nxb3 ({Don't go for} 19... Qxh2 $2 20. c3 Nxb3 21. Qxb3 $19) 20. cxb3 Rad8 ({Avoid the trap} 20... Qxh2 $2 21. Qf3) 21. Ka2 Qd4 ({Not} 21... Qxh2 22. Qf3) 22. Qc2 Rxg4 23. Rad1 c5 24. h3 Rf4 25. Re2 b6 26. Qd2 a5 27. Rc1 {[%emt 0:02:03] aiming for Rc4.} Qxd3 28. Qxf4 {[%emt 0:02:00] Qg4 is the strong threat.} Qxe2 {[%emt 0:00:06][%mdl 4096] Endgame KQR-KQR} 29. Qh4 Rd2 30. Rb1 h5 {[%emt 0:00:06][%cal Bh7h5,Bh5h4][%mdl 32] Hoping for ...Rd4.} 31. Qa4 Rd6 {[%emt 0:02:57] Against Qc6} 32. Qh4 (32. Rg1 $142 Rd2 33. Rb1) 32... Rd4 33. Qg3 h4 34. Qg8 Rd8 35. Qh7 a4 36. Qxh4 axb3+ 37. Kxb3 Rd4 {[%emt 0:00:12] Weighted Error Value: White=0.35/Black=0.03 (flawless)} 0-1